 Dungeon Crawl Stone Soup version 0.24-a0-630-g0d56a851f4 (webtiles) character file.

Game seed: 114749059420327171, levelgen mode: deterministic

30110 Johnny the Earth Mage (level 12, -4/81 HPs)
             Began as a Demigod Earth Elementalist on Sept 19, 2019.
             Hit by a silver javelin thrown by a minotaur (11 damage)
             ... in a Gauntlet.
             The game lasted 00:23:15 (10941 turns).

Johnny the Earth Mage (Demigod Earth Elementalist) Turns: 10941, Time: 00:23:16

Health: -4/81      AC:  6    Str: 11    XL:     12   Next: 88%
Magic:  26/31      EV: 18    Int: 36    God:
Gold:   388        SH:  0    Dex: 25    Spells: 23/32 levels left

rFire    + . .     SeeInvis +   Q - +4 trident (protect)
rCold    + . .     Gourm    .   (no shield)
rNeg     . . .     Faith    .   M - +1 robe {rC+ rF+}
rPois    .         Spirit   .   (no helmet)
rElec    .         Reflect  .   u - +1 cloak
rCorr    .         Harm     .   (no gloves)
MR       +++..     NoTele   +   i - +0 pair of boots
Stlth    ++++......             G - amulet of magic regeneration
HPRegen  0.23/turn              w - ring of protection from magic
MPRegen  0.47/turn              H - ring of Usucsum {MR+ Int+4 Dex+4 SInv}

@: brilliant, agile, studying Shields
A: high mp 1
a: no special abilities


You were in a Gauntlet.
You were hungry.

You visited 1 branch of the dungeon, and saw 12 of its levels.
You also visited: Bailey and Gauntlet.

You collected 607 gold pieces.
You spent 219 gold pieces at shops.

Inventory:

Hand Weapons
 Q - a +4 trident of protection (weapon)
Missiles
 b - 130 stones (quivered)
Armour
 i - a +0 pair of boots (worn)
 u - a +1 cloak (worn)
 D - a +2 buckler of protection
 F - a +2 scale mail of poison resistance
 M - a +1 robe of resistance (worn)
 P - a +1 robe of cold resistance
Jewellery
 t - an uncursed amulet of the acrobat
 w - a ring of protection from magic (left hand)
 G - an amulet of magic regeneration (around neck)
 H - the ring of Usucsum (right hand) {MR+ Int+4 Dex+4 SInv}
   (You found it in a Gauntlet)

   [ring of protection from magic]

   It affects your intelligence (+4).
   It affects your dexterity (+4).
   It affects your resistance to hostile enchantments.
   It lets you see invisible.
 J - an uncursed amulet of rage {unknown}
 L - an uncursed ring of protection from magic
Wands
 y - a wand of clouds (4)
 z - a wand of iceblast (5)
 A - a wand of polymorph (20)
 C - a wand of digging (4)
 E - a wand of acid (19)
 N - a wand of disintegration (12)
Scrolls
 f - 2 scrolls of fear
 h - 3 scrolls of teleportation
 l - 5 scrolls of remove curse
 n - a scroll of magic mapping {unknown}
 o - 3 scrolls of enchant armour
 p - 2 scrolls of blinking
 q - 2 scrolls of immolation
 r - 2 scrolls of fog
Potions
 a - 3 potions of degeneration
 g - 2 potions of ambrosia
 k - a potion of might
 m - 5 potions of cancellation
 s - 3 potions of curing
 B - a potion of flight {unknown}
 K - 2 potions of mutation
Books
 I - a manual of Shields
Miscellaneous
 c - a lightning rod (4/4)
 O - a lamp of fire
Comestibles
 d - 14 rations


   Skills:
 - Level 1.7 Dodging
 - Level 1.7 Stealth
 + Level 10.6 Spellcasting
   Level 0.8 Transmutations
 * Level 15.6 Earth Magic


You had 23 spell levels left.
You knew the following spells:

 Your Spells              Type           Power        Failure   Level  Hunger
a - Sandblast             Erth           ######       0%          1    None
b - Stone Arrow           Conj/Erth      ######       1%          3    None
c - Lee's Rapid Deconstr  Erth           ########..   1%          5    #......

Your spell library contained the following spells:

 Spells                   Type           Power        Failure   Level  Hunger
 Confusing Touch          Hex            #####.       1%          1    None
 Passwall                 Tmut/Erth      #######.     1%          2    None
 Confuse                  Hex            #####...     1%          3    None
 Gell's Gravitas          Tloc           #####.....   1%          3    None
 Recall                   Summ/Tloc      N/A          1%          3    None
 Petrify                  Tmut/Erth      #######.     1%          4    None
 Borgnjor's Vile Clutch   Necr/Erth      #######...   1%          5    #......
 Animate Dead             Necr           N/A          2%          4    None
 Yara's Violent Unravell  Hex/Tmut       #####.....   6%          5    #......
 Metabolic Englaciation   Hex/Ice        #####.....   7%          5    #......
 Death Channel            Necr           #####.....   30%         6    ####...
 Simulacrum               Ice/Necr       #####.....   30%         6    ####...


Dungeon Overview and Level Annotations

Branches:
Dungeon (12/15)            Temple (0/1) D:5            Lair (0/6) D:11
    Orc (0/2) D:11         Bailey (visited)         Gauntlet (1/1)

Shops:
D:4 *   D:6 ?(:[   D:8 }   D:11 [

Annotations:
D:4 1 runed translucent door, P0WERM0DE's ghost, novice GrFi Gauntlet 1 transporter


Innate Abilities, Weirdness & Mutations

You have an increased reservoir of magic. (+10% MP)


Message History

Evoke which item? (* to show all) (? for menu, Esc to quit)
Aiming: Cloud Cone
Press: ? - help, Dir - move target cursor, f - minotaur
Aim: a minotaur, wielding a +0 executioner's axe, wearing +2 fire dragon scales and wearing a +5 ring of slaying (moderately wounded)
You create a blast of freezing vapour!
The minotaur is engulfed in freezing vapours.
The minotaur throws a silver javelin.
The silver javelin pierces through you!!
* * * LOW HITPOINT WARNING * * *
x2
Okay, then.
Casting: Lee's Rapid Deconstruction (safe; 1% risk of failure)
Confirm with . or Enter, or press ? or * to list all spells.
Aiming: Lee's Rapid Deconstruction (safe; 1% risk of failure)
Press: ? - help, Dir - move target cursor, p - minotaur A granite statue.
The statue shatters!
The blast of rock fragments hits the minotaur!
The minotaur is heavily wounded.
The minotaur throws a silver javelin.
The silver javelin pierces through you!
You die...

##########
#§§@.....##
##H##.###..## ....
#8(.a.......##...#
#...H.#.#....#...#
#######§#.#.©8.#...#
[8/8.8#§§§#....#...#
......'§###.©8.#.8.#
)8=8.8#§§§#....#...#
#######§#§#.©8.#...#


You could see a minotaur.

Vanquished Creatures
  A death ooze (Gauntlet)
  Harold (D:7)
  A rakshasa (D:11)
  Erica (D:9)
  An unseen horror (D:10)
  Pikel (D:5)
  An orc knight (Bailey)
  A manticore (D:11)
  Joseph (D:8)
  Psyche (D:9)
  A merfolk (D:9)
  Prince Ribbit (D:6)
  Grinder (D:6)
  2 raiju (Gauntlet)
  2 slime creatures (Gauntlet)
  3 hippogriffs
  18 yaks
  A shadow (D:11)
  Sigmund (D:5)
  A hungry ghost (D:7)
  A steam dragon (D:8)
  An acid dragon (D:11)
  2 porcupines (D:11)
  17 orc warriors
  2 slaves (D:5)
  4 ice beasts
  6 black bears
  A hornet zombie (D:10)
  3 necrophages
  3 phantoms
  7 ogres
  A crocodile (D:9)
  3 centaurs
  3 big kobolds
  Blork the orc (D:6)
  3 bullfrogs
  A wyvern zombie (D:12)
  A water moccasin zombie (D:10)
  4 jellies
  7 scorpions
  4 wights (D:8)
  4 killer bees (D:7)
  6 crimson imps
  2 bullfrog zombies
  A quasit (D:10)
  5 hounds
  4 bullfrog skeletons
  3 centaur skeletons
  An orc priest (D:11)
  Crazy Yiuf (D:3)
  Natasha (thrice) (D:3)
  3 iguanas
  2 lightning spires (Gauntlet)
  8 worker ants
  A hound skeleton (D:6)
  A worker ant zombie (D:10)
  4 gnolls
  9 adders
  4 shadow imps
  3 oozes
  An adder skeleton (D:6)
  3 adder zombies
  2 worms (D:2)
  A dart slug (D:2)
  3 leopard geckos
  38 orcs
  6 bats
  A bat zombie (D:2)
  7 giant cockroaches
  6 goblins
  3 hobgoblins
  2 jackals (D:3)
  6 quokkas
  A ball python (D:2)
  2 frilled lizards (D:4)
  19 kobolds
  2 quokka skeletons
  2 rats
286 creatures vanquished.

Vanquished Creatures (others)
  A slave (D:5)
  17 fungi (D:11)
  3 plants (D:11)
21 creatures vanquished.

Grand Total: 307 creatures vanquished

Notes
Turn   | Place    | Note
-------+----------+-------------------------------------------
     0 | D:1      | Johnny the Demigod Earth Elementalist began the quest for
                  | the Orb.
     0 | D:1      | Reached XP level 1. HP: 14/14 MP: 5/5
    23 | D:1      | Reached skill level 3 in Earth Magic
    78 | D:1      | Reached XP level 2. HP: 17/20 MP: 7/7
   955 | D:2      | Reached XP level 3. HP: 19/26 MP: 7/9
  1312 | D:2      | Found an iron altar of Okawaru.
  1360 | D:2      | Reached skill level 4 in Earth Magic
  1360 | D:2      | Reached XP level 4. HP: 31/33 MP: 3/10
  1535 | D:2      | Found a burning altar of Makhleb.
  1541 | D:2      | Found a shadowy altar of Dithmenos.
  1544 | D:2      | Found a shimmering blue altar of Sif Muna.
  1702 | D:2      | Found an ancient bone altar of Kikubaaqudgha.
  1777 | D:3      | Noticed Natasha
  1785 | D:3      | Killed Natasha
  1998 | D:3      | Learned a level 3 spell: Stone Arrow
  2079 | D:3      | Found a runed translucent door.
  2080 | D:3      | Noticed Crazy Yiuf
  2150 | D:3      | Found an opulent altar of Gozag.
  2474 | D:3      | Noticed Natasha
  2485 | D:3      | Killed Natasha
  2485 | D:3      | Reached XP level 5. HP: 36/38 MP: 6/12
  2487 | D:3      | Noticed Natasha
  2493 | D:3      | Killed Natasha
  2493 | D:3      | Reached skill level 5 in Earth Magic
  2802 | D:3      | Killed Crazy Yiuf
  2939 | D:4      | Noticed an ogre
  2942 | D:4      | Killed an ogre
  2942 | D:4      | Reached XP level 6. HP: 45/45 MP: 9/14
  2981 | D:4      | Found Uggifawu's General Store.
  2987 | D:4      | Bought a scroll of identify for 20 gold pieces
  2987 | D:4      | Bought a potion of curing for 30 gold pieces
  2987 | D:4      | Bought 15 stones for 15 gold pieces
  3031 | D:4      | Found a basalt altar of Yredelemnul.
  3333 | D:4      | Reached skill level 6 in Earth Magic
  3341 | D:4      | Found an ornate altar of the Wu Jian Council.
  3384 | D:4      | Found a runed translucent door.
  3384 | D:4      | Noticed P0WERM0DE's ghost (novice GrFi)
  3391 | D:4      | Found a hazy altar of Hepliaklqana.
  3479 | D:5      | Entered Level 5 of the Dungeon
  3514 | D:5      | Found a staircase to the Ecumenical Temple.
  3595 | D:5      | Noticed Pikel
  3609 | D:5      | Killed Pikel
  3609 | D:5      | Reached skill level 7 in Earth Magic
  3609 | D:5      | Reached XP level 7. HP: 29/50 MP: 6/17
  3865 | D:5      | Found a white marble altar of Elyvilon.
  4077 | D:5      | Noticed Sigmund
  4084 | D:5      | Killed Sigmund
  4084 | D:5      | Reached skill level 5 in Spellcasting
  4084 | D:5      | Reached skill level 8 in Earth Magic
  4084 | D:5      | Reached XP level 8. HP: 39/57 MP: 14/19
  4328 | D:5      | Learned a level 5 spell: Lee's Rapid Deconstruction
  4361 | D:6      | Noticed Grinder
  4363 | D:6      | Killed Grinder
  4504 | D:6      | Reached skill level 9 in Earth Magic
  4575 | D:6      | Found a shattered altar of Ashenzari.
  4585 | D:6      | Found Coviosux's Book Boutique.
  4714 | D:6      | Found Udiodd's Armour Boutique.
  4960 | D:6      | Noticed Blork the orc
  4964 | D:6      | Killed Blork the orc
  4975 | D:6      | Noticed Prince Ribbit
  4979 | D:6      | Killed Prince Ribbit
  4979 | D:6      | Reached XP level 9. HP: 62/62 MP: 5/22
  5103 | D:6      | Found Maunlokkiu's Magic Scroll Emporium.
  5121 | D:6      | Bought a scroll of identify for 28 gold pieces
  5121 | D:6      | Bought a scroll of identify for 28 gold pieces
  5121 | D:6      | Bought a scroll of identify for 28 gold pieces
  5121 | D:6      | Bought a scroll of identify for 28 gold pieces
  5121 | D:6      | Bought a scroll of teleportation for 42 gold pieces
  5187 | D:6      | Found Goec's Antique Weapon Shop.
  5350 | D:7      | Noticed Harold
  5360 | D:7      | Killed Harold
  5360 | D:7      | Reached skill level 10 in Earth Magic
  5873 | D:7      | Found a flagged portal.
  5933 | Bailey   | Entered a bailey
  6014 | Bailey   | Reached skill level 11 in Earth Magic
  6584 | Bailey   | Noticed an orc knight
  6589 | Bailey   | Killed an orc knight
  6589 | Bailey   | Reached XP level 10. HP: 69/69 MP: 9/25
  7195 | D:8      | Reached skill level 12 in Earth Magic
  7337 | D:8      | Found Eckoru's Gadget Boutique.
  7409 | D:8      | Found a glowing silver altar of Zin.
  7450 | D:8      | Noticed Joseph
  7455 | D:8      | Killed Joseph
  7628 | D:8      | Got a transparent longbow
  8075 | D:9      | Identified the +4 longbow of Fate {venom, Stlth+} (You
                  | found it on level 8 of the Dungeon)
  8095 | D:9      | Found a shimmering altar of Xom.
  8215 | D:9      | Found a shimmering altar of Xom.
  8225 | D:9      | Found a shimmering altar of Xom.
  8234 | D:9      | Found a shimmering altar of Xom.
  8234 | D:9      | Found a shimmering altar of Xom.
  8251 | D:9      | Noticed Psyche
  8258 | D:9      | Killed Psyche
  8266 | D:9      | Noticed Erica
  8340 | D:9      | Killed Erica
  8505 | D:9      | Noticed a black mamba
  8540 | D:9      | Reached skill level 13 in Earth Magic
  8626 | D:10     | Entered Level 10 of the Dungeon
  8654 | D:10     | Found a shimmering altar of Xom.
  8714 | D:10     | Reached XP level 11. HP: 74/74 MP: 21/28
  9147 | D:10     | Killed an unseen horror
  9681 | D:11     | Found a staircase to the Lair.
  9847 | D:11     | Noticed a rakshasa
  9854 | D:11     | Killed a rakshasa
  9854 | D:11     | Reached skill level 14 in Earth Magic
 10153 | D:11     | Found a staircase to the Orcish Mines.
 10255 | D:11     | Found Ycru's Antique Armour Boutique.
 10459 | D:12     | Identified a scroll of acquirement
 10505 | D:12     | Found a gate leading to a gauntlet.
 10523 | Gauntlet | Entered a Gauntlet
 10523 | Gauntlet | Found a transporter.
 10523 | Gauntlet | Noticed a death ooze
 10610 | Gauntlet | Found a transporter.
 10615 | Gauntlet | Found a transporter.
 10616 | Gauntlet | Found the +2 pair of boots of the Assassin {Detection Stab+
                  | Stlth++}
 10616 | Gauntlet | Found a transporter.
 10628 | Gauntlet | Reached skill level 10 in Spellcasting
 10628 | Gauntlet | Reached skill level 15 in Earth Magic
 10628 | Gauntlet | Reached XP level 12. HP: 80/81 MP: 29/31
 10635 | Gauntlet | Killed a death ooze
 10650 | Gauntlet | Got a clouded lead ring
 10654 | Gauntlet | Identified the ring of Usucsum {MR+ Int+4 Dex+4 SInv} (You
                  | found it in a Gauntlet)
 10701 | Gauntlet | Found a transporter.
 10920 | Gauntlet | Noticed a minotaur
 10941 | Gauntlet | Hit by a silver javelin thrown by a minotaur

Levels and vault maps discovered:
D:1:      psy_arrival_statuary, layout_basic
D:2:      layout_basic, old_standard_altar, lemuel_zombie_altar_kikubaaqudgha,
          grunt_temple_overflow_diamond, grunt_ministairs_8,
          kennysheep_generic_room_14
D:3:      layout_loops_ring, nicolae_overflow_hidden_temple, uniq_natasha,
          uniq_crazy_yiuf_cottage
D:4:      layout_cave_pools, kennysheep_mini, lemuel_round_altar,
          old_standard_altar, serial_shops, shop, gammafunk_ghost_grave,
          first_ration, eino_tiny_chamber, fountainhead
D:5:      layout_basic, nicolae_overflow_crystal_walls,
          minmay_temple_entry_arrows, uniq_pikel, uniq_sigmund
D:6:      layout_cave_pods, cheibrodos_ashenzari_chains, serial_shops,
          nicolae_shop_temple_entry_statues_fountains, shop, shop,
          nicolae_shop_statue_plus, serial_glass, glass_columns_a,
          glass_columns_a, uniq_blork_the_orc, uniq_prince_ribbit1, uniq_grinder
D:7:      layout_loops_corners, enter_bailey_8, uniq_harold
D:8:      layout_loops_ring, lemuel_crystal_altar, serial_shops, shop,
          uniq_joseph
D:9:      layout_rooms, xom_shifter_show, hangedman_fish_farm, uniq_erica,
          uniq_psyche
D:10:     layout_cave_pools, basic_altar
D:11:     layout_irregular_city, due_lair_maze_entry_diamond, orc_0_dummy,
          serial_shops, shop
D:12:     layout_loops_ring, gauntlet_entry_generic, uniq_azrael, uniq_nergalle,
          uniq_nessos
Gauntlet: minmay_gauntlet_mixed_oops_all_seconds
          [minmay_gauntlet_arena_77_chump_sandwich,
          nicolae_gauntlet_arena_grate_2, minmay_gauntlet_arena_77_block_sizes,
          gammafunk_gauntlet_arena_grid, minmay_gauntlet_arena_77_box,
          gammafunk_gauntlet_arena_chambers,
          nicolae_gauntlet_exit_dead_adventurers]

Skill      XL: |  1  2  3  4  5  6  7  8  9 10 11 |
---------------+----------------------------------+-----
Spellcasting   | 2 3 4 5 6 7 8 10 | 10.6
Earth Magic    | 3 4 5 7 8 9 11 13 15 | 15.6
Dodging        | |  1.7
Stealth        | |  1.7
Transmutations | |  0.8

Action                   |  1- 3 |  4- 6 |  7- 9 | 10-12 || total
-------------------------+-------+-------+-------+-------++-------
Melee: Whip              |     3 |       |    16 |    10 ||    29
       Dagger            |    57 |   100 |       |       ||   157
       Unarmed           |       |     1 |       |       ||     1
       Trident           |       |       |       |    52 ||    52
       Scimitar          |       |       |       |     7 ||     7
Throw: Stone             |       |       |     1 |       ||     1
 Cast: Sandblast         |    26 |    70 |    49 |    83 ||   228
       Lee's Rapid Decon |       |       |    34 |    66 ||   100
       Stone Arrow       |       |       |       |    74 ||    74
Evoke: Wand              |       |       |    10 |     6 ||    16
       Sack of spiders   |       |       |       |     1 ||     1
  Use: Scroll            |     1 |     6 |     8 |    15 ||    30
       Potion            |       |     1 |       |     9 ||    10
 Stab: Sleeping          |     3 |     3 |     1 |     3 ||    10
  Eat: Chunk             |     1 |     8 |     3 |    16 ||    28
       Ration            |       |       |     4 |     2 ||     6
Armor: Robe              |    19 |    40 |    13 |    51 ||   123
Dodge: Dodged            |    53 |    84 |    21 |    83 ||   241
       Rpst.: Scimitar   |       |       |       |     3 ||     3

Table legend:
 A = Non-vault XP
 B = Vault XP
 C = Vault XP percentage of total XP
 D = Non-vault monster count
 E = Vault monster count
 F = Vault count percentage of total count
                 A         B        C        D         E       F
            +---------+---------+-------+---------+---------+-------
      Total |   15216 |   10037 |  39.7 |     228 |      56 |  19.7
            +---------+---------+-------+---------+---------+-------
        D:1 |      35 |       0 |   0.0 |      12 |       0 |   0.0
        D:2 |      91 |      20 |  18.0 |      14 |       4 |  22.2
        D:3 |     120 |      76 |  38.8 |      17 |       2 |  10.5
        D:4 |     302 |       0 |   0.0 |      14 |       0 |   0.0
        D:5 |     382 |     878 |  69.7 |      13 |       2 |  13.3
        D:6 |     835 |     642 |  43.5 |      21 |       3 |  12.5
        D:7 |     845 |     997 |  54.1 |      14 |       1 |   6.7
        D:8 |    1422 |     439 |  23.6 |      20 |       1 |   4.8
        D:9 |    1508 |    1646 |  52.2 |      19 |       3 |  13.6
       D:10 |    3291 |       0 |   0.0 |      29 |       0 |   0.0
       D:11 |    4440 |    1044 |  19.0 |      34 |       9 |  20.9
       D:12 |    1451 |       0 |   0.0 |      19 |       0 |   0.0
     Bailey |       0 |    2475 | 100.0 |       0 |      24 | 100.0
   Gauntlet |     494 |    1820 |  78.7 |       2 |       7 |  77.8
            +---------+---------+-------+---------+---------+-------
